 Dungeon Crawl Stone Soup version 0.17.0-28-g6e173f8 (webtiles) character file.

109 Rationalist the Covered (level 5, 0/42 HPs)
             Began as a Formicid Fighter on Nov 23, 2015.
             Succumbed to Crazy Yiuf's poison
             ... on level 3 of the Dungeon.
             The game lasted 00:03:59 (2876 turns).

Rationalist the Covered (Formicid Fighter)          Turns: 2876, Time: 00:03:59

Health: 0/42       AC:  7    Str: 24    XL:     5   Next: 13%
Magic:  5/5        EV:  9    Int:  8    God:
Gold:   179        SH: 10    Dex: 14    Spells: 0 memorised, 4 levels left

rFire  . . .     SeeInvis +     a - +0 war axe
rCold  . . .     Clarity  .     b - +0 scale mail
rNeg   . . .     SustAt   .     c - +0 shield
rPois  .         Gourm    .     (helmet unavailable)
rElec  .         Spirit   .     (no cloak)
rCorr  .         Warding  .     (no gloves)
rMut   .         Stasis   +     (no boots)
MR     .....                    (no amulet)
Stlth  ..........               u - +3 ring of dexterity
                                o - +4 ring of strength

@: lethally poisoned (0 -> -11), not resistant to hostile enchantments,
extremely unstealthy
A: permanent stasis, dig shafts and tunnels, four strong arms, antennae 3
a: Dig, Shaft Self


You were on level 3 of the Dungeon.
You were not hungry.

You visited 1 branch of the dungeon, and saw 3 of its levels.

You collected 179 gold pieces.

Inventory:

Hand Weapons
 a - a +0 war axe (weapon)
Missiles
 f - 48 sling bullets
 t - 25 bolts
Armour
 b - a +0 scale mail (worn)
 c - a +0 shield (worn)
Jewellery
 o - a +4 ring of strength (left hand)
 u - a +3 ring of dexterity (right hand)
Scrolls
 g - 2 scrolls of blinking {unknown}
 i - 2 scrolls of fog {unknown}
 l - 4 scrolls of identify {unknown}
 p - a scroll of teleportation {unknown}
 q - a scroll of enchant armour {unknown}
 r - a scroll of enchant weapon {unknown}
 w - 2 scrolls of remove curse {unknown}
Potions
 d - a potion of might
 h - a potion of magic {unknown}
 j - a potion of cure mutation
 n - a potion of curing {unknown}
 s - a potion of lignification {unknown}
 z - a potion of flight {unknown}
Comestibles
 e - 3 bread rations
 k - a beef jerky
 m - 2 meat rations
 v - a slice of pizza


   Skills:
 + Level 3.8 Fighting
 + Level 2.4 Axes
 + Level 4.3 Armour
 + Level 1.3 Dodging
 + Level 0.3 Stealth
 + Level 4.3 Shields


You had 4 spell levels left.
You didn't know any spells.

Dungeon Overview and Level Annotations

Branches:
Dungeon (3/15)

Altars:
Yredelemnul
Zin

Annotations:
D:3 Crazy Yiuf


Innate Abilities, Weirdness & Mutations

You are under a permanent stasis effect.
You can dig through walls and to a lower floor.
Your four strong arms can wield two-handed weapons with a shield.
You have a pair of large antennae on your head (SInv).


Message History

Crazy Yiuf hits you with a quarterstaff of chaos.
You are more poisoned.
You completely miss Crazy Yiuf.
Crazy Yiuf is almost dead.
You feel sick. You block Crazy Yiuf's attack.
You closely miss Crazy Yiuf.
Crazy Yiuf is almost dead.
You feel sick.
Crazy Yiuf hits you with a quarterstaff of chaos.
Your stasis keeps you stable.
You closely miss Crazy Yiuf.
Crazy Yiuf is almost dead.
You feel sick.
Crazy Yiuf hits you with a quarterstaff of chaos.
Crazy Yiuf hits you with a quarterstaff of chaos!
You are electrocuted!
* * * LOW HITPOINT WARNING * * *
Drink which item? (? for menu, Esc to quit)
It was a potion of cure mutation.
It has a very clean taste.
You die...

##### #)..# #...#
... #g# ♣@♣♣ ♣♣.♣
♣.♣♣ ♣♣.♣ .#
♣♣.♣♣ #.# ♣♣...♣
#.# ♣....♣ #.#
#....# #.########
##..####........#


You could see Crazy Yiuf.

Vanquished Creatures
  Natasha (D:3)
  3 adders
  An ooze (D:2)
  A worm (D:3)
  2 giant cockroaches
  3 goblins
  6 hobgoblins
  7 jackals
  6 bats
  A giant gecko (D:1)
  7 giant newts
  9 kobolds
  7 rats
  A spectral orc (D:3)
55 creatures vanquished.

Notes
Turn   | Place    | Note
--------------------------------------------------------------
     0 | D:1      | Rationalist the Formicid Fighter began the quest for the Orb.
     0 | D:1      | Reached XP level 1. HP: 18/18 MP: 1/1
   119 | D:1      | Reached XP level 2. HP: 10/24 MP: 2/2
   453 | D:1      | Reached XP level 3. HP: 25/29 MP: 3/3
   638 | D:1      | Reached skill level 4 in Shields
  1275 | D:2      | Reached XP level 4. HP: 35/35 MP: 4/4
  1514 | D:2      | Reached skill level 1 in Dodging
  1607 | D:2      | Found a glowing silver altar of Zin.
  2090 | D:3      | Noticed Natasha
  2110 | D:3      | Killed Natasha
  2449 | D:3      | Reached XP level 5. HP: 39/42 MP: 5/5
  2587 | D:3      | Found a basalt altar of Yredelemnul.
  2866 | D:3      | Noticed Crazy Yiuf
  2875 | D:3      | HP: 1/42 [Crazy Yiuf/quarterstaff of chaos (15)]
  2876 | D:3      | Succumbed to Crazy Yiuf's poison

Action                   |  1- 3 |  4- 6 || total
-------------------------+-------+-------++-------
Melee: War axe           |   148 |    87 ||   235
 Abil: Dig               |       |     1 ||     1
  Use: Potion            |       |     1 ||     1
  Eat: Chunk             |     1 |     6 ||     7
